 Dungeon Crawl Stone Soup version 0.28-a0-1624-g820543e53a (webtiles) character file.

Game seed: 4101775499249554172

368 HallandMoats the Skirmisher (level 6, -23/56 HPs)
             Began as a Ghoul Fighter on Jan 24, 2022.
             Was an Initiate of Okawaru.
             Annihilated by an ogre (24 damage)
             ... on level 4 of the Dungeon.
             The game lasted 00:05:10 (3389 turns).

HallandMoats the Skirmisher (Ghoul Fighter)         Turns: 3389, Time: 00:05:11

Health: -23/56     AC:  8    Str: 20    XL:     6   Next: 69%
Magic:  5/5        EV:  9    Int:  3    God:    Okawaru [......]
Gold:   93         SH:  4    Dex: 10    Spells: 5/5 levels left

rFire   . . .      SeeInvis .   a - +0 trident
rCold   + . .      Faith    .   c - +0 buckler
rNeg    + + +      Spirit   .   b - +0 scale mail
rPois   ∞          Reflect  .   (no helmet)
rElec   .          Harm     .   g - +0 cloak
rCorr   .          Rampage  .   (no gloves)
Will    .....                   (no boots)
Stlth   ..........              (no amulet)
HPRegen 0.00/turn               (no ring)
MPRegen 0.09/turn               (no ring)

@: inhibited regen
A: claws 1, cold resistance 1, negative energy resistance 3, inhibited
regeneration, torment resistance 2
a: Renounce Religion


You were on level 4 of the Dungeon.
You worshipped Okawaru.
Okawaru was noncommittal.
You visited 2 branches of the dungeon, and saw 6 of its levels.

You collected 93 gold pieces.

Inventory:

Hand Weapons
 a - a +0 trident (weapon)
Missiles
 j - a poisoned dart (quivered)
Armour
 b - a +0 scale mail (worn)
 c - a +0 buckler (worn)
 g - a +0 cloak (worn)
Scrolls
 f - a scroll of teleportation
 i - a scroll of enchant weapon {unknown}
Potions
 d - 2 potions of might
 e - a potion of berserk rage {unknown}
 h - a potion of lignification {unknown}
 m - a potion of magic {unknown}
 o - a potion of haste {unknown}
 p - 3 potions of curing


   Skills:
 * Level 5.0 Fighting
 * Level 3.6 Polearms
 + Level 3.5 Armour
 + Level 1.8 Dodging
 + Level 3.3 Shields
 * Level 0.8 Invocations


You had 5 spell levels left.
You didn't know any spells.
Your spell library contained the following spells:

 Spells                   Type           Power      Damage    Failure   Level
 Pain                     Necr           0%         1d4       92%         1
 Agony                    Necr           0%         N/A       100%        5
 Excruciating Wounds      Necr           0%         N/A       100%        5
 Sublimation of Blood     Necr           Unusable   N/A       N/A         2
 Wereblood                Tmut           Unusable   N/A       N/A         2
 Summon Hydra             Summ           Unusable   N/A       N/A         7

Dungeon Overview and Level Annotations

Branches:
Dungeon (5/15)             Temple (1/1) D:4

Altars:
Ashenzari
Cheibriados
Dithmenos
Elyvilon
Fedhas
Gozag
Hepliaklqana
Kikubaaqudgha
Makhleb
Nemelex Xobeh
Okawaru
Qazlal
Ru
Sif Muna
Trog
Uskayaw
Wu Jian
Xom
Yredelemnul
Zin
The Shining One

Annotations:
D:4 2 transporters, awesomeguy42's ghost, amateur TrWr


Innate Abilities, Weirdness & Mutations

You thrive by killing the living.
You are immune to poison.
You have sharp fingernails.
Your flesh is cold resistant. (rC+)
You are immune to negative energy. (rN+++)
You do not regenerate when monsters are visible.
You are immune to unholy pain and torment.


Message History

There is a transporter here.
The bullfrog releases a deep croak.
The bullfrog snags a nearby blue-tailed skink with its tongue.
You see here a poisoned dart.
There is a transporter landing site here.
You see here a fizzy inky potion.
Awesomeguy42's ghost stares at you.
There is a transporter here.
Awesomeguy42's ghost says, "I break bones and crack skulls... with my bare hands."
The bullfrog releases a deep croak.
Awesomeguy42's ghost grins evilly.
Awesomeguy42's ghost swings its fists at you.
Awesomeguy42's ghost screams, "They lied to you.
The Dungeon just goes down and down forever."
There is a transporter here.
You see here a fizzy inky potion.
Awesomeguy42's ghost whispers, "Soon you will have time, lots of time..."
You block the ogre's attack.
Awesomeguy42's ghost says, "You must not succeed where I failed!"
The ogre hits you with a +0 giant spiked club!
* * * LOW HITPOINT WARNING * * *
The bullfrog releases a deep croak.
Awesomeguy42's ghost says, "I break bones and crack skulls... with my bare hands."
There is a transporter landing site here.
Throw: 3 darts (poison)
Press: ? - help, Q - select action Shift-Dir - straight line, f/p - ogre
Aim: an ogre, wielding a +0 giant spiked club (heavily wounded, 73% to hit)
You throw a poisoned dart. The poisoned dart hits the ogre.
The ogre is heavily wounded.
Throw: 2 darts (poison)
Press: ? - help, Q - select action Shift-Dir - straight line, f/p - ogre
Aim: an ogre, wielding a +0 giant spiked club (heavily wounded, 73% to hit)
You throw a poisoned dart. The poisoned dart hits the ogre.
The ogre is poisoned.
The ogre is heavily wounded.
The ogre hits you with a +0 giant spiked club.
* * * LOW HITPOINT WARNING * * *
Unknown command.
The ogre looks more healthy.
The ogre hits you with a +0 giant spiked club!!
You die...

######### ## #
#.O@....# #..
#.#####.# #.# #.#
#.# #.# #.# #.# #.#
#.# #.#####.######
#.# #.............
#.###########.######
#...................


You could see an ogre.

Vanquished Creatures
  An ogre (D:4)
  A centaur (D:3)
  A hound (D:4)
  Jessica (D:3)
  A hound skeleton (D:4)
  4 gnolls (D:2)
  3 adders
  4 dart slugs
  An orc (D:4)
  4 ball pythons
  5 bats
  6 endoplasms
  A giant cockroach (D:1)
  A goblin (D:1)
  8 hobgoblins
  4 jackals (D:1)
  9 kobolds
  3 quokkas
  5 frilled lizards
  6 rats
69 creatures vanquished.

Notes
Turn   | Place    | Note
-------+----------+-------------------------------------------
     0 | D:1      | HallandMoats the Ghoul Fighter began the quest for the Orb.
     0 | D:1      | Reached XP level 1. HP: 19/19 MP: 0/0
   151 | D:1      | Reached XP level 2. HP: 26/26 MP: 1/1
   326 | D:1      | Reached XP level 3. HP: 33/33 MP: 2/2
   880 | D:2      | Reached skill level 4 in Fighting
   941 | D:2      | Reached XP level 4. HP: 31/40 MP: 3/3
   953 | D:2      | Reached skill level 1 in Dodging
  1579 | D:3      | Noticed Jessica
  1583 | D:3      | Killed Jessica
  1584 | D:3      | Reached XP level 5. HP: 45/47 MP: 4/4
  1619 | D:3      | Found a blossoming altar of Fedhas.
  1897 | D:3      | Noticed a centaur
  1903 | D:3      | HP: 2/47 [centaur/arrow (7)]
  1904 | D:3      | Killed a centaur
  2334 | D:4      | Reached XP level 6. HP: 49/53 MP: 5/5
  2461 | D:4      | Noticed awesomeguy42's ghost (amateur TrWr)
  2463 | D:4      | Found a transporter.
  2469 | D:4      | Found a transporter.
  2515 | D:5      | Entered Level 5 of the Dungeon
  2829 | D:4      | Found a staircase to the Ecumenical Temple.
  2850 | Temple   | Entered the Ecumenical Temple
  3006 | Temple   | Became a worshipper of Warmaster Okawaru
  3047 | D:4      | Reached skill level 5 in Fighting
  3355 | D:4      | HP: 1/56 [ogre (2)]
  3389 | D:4      | Annihilated by an ogre

Illustrated notes

Levels and vault maps discovered:
D:1:      dpeg_arrival_ratfight, layout_basic
D:2:      layout_rooms, lightli_corner_chamber
D:3:      kb_forest_paths, layout_rooms, fedhas_altar_4,
          hellmonk_ecumenical_altar_run_dry, uniq_jessica, uniq_terence
D:4:      layout_basic, minmay_temple_entry_overgrown, gammafunk_ghost_arena,
          lightli_minifort
D:5:      layout_loops_ring, minivault_24, small_statue_intersection,
          kennysheep_donut, kennysheep_small_square, uniq_prince_ribbit1,
          uniq_crazy_yiuf_cottage, uniq_grinder
Temple:   regret_index_temple_chain_breaker

Skill      XL: |  1  2  3  4  5  6 |
---------------+-------------------+-----
Polearms       | 2 3 |  3.6
Fighting       | 4 5 |  5.0
Armour         | 3 |  3.5
Dodging        | 1 |  1.8
Shields        | 3 |  3.3
Invocations    | |  0.8

Action                   |  1- 3 |  4- 6 || total
-------------------------+-------+-------++-------
Melee: Trident           |   101 |   125 ||   226
Throw: Dart              |       |     5 ||     5
  Use: Scroll            |       |     9 ||     9
Armor: Scale mail        |    53 |    30 ||    83
Dodge: Dodged            |    47 |    39 ||    86
Block: Buckler           |    23 |    17 ||    40

Table legend: (Time is in decaauts)
 A = Elapsed time spent in this place.
 B = Non-inter-level travel time spent in this place.
 C = Inter-level travel time spent in this place.
 D = Time resting spent in this place.
 E = Time spent auto-exploring this place.
 F = Levels seen in this place.
 G = Mean time per level.
                   A        B        C        D        E       F      G
               +--------+--------+--------+--------+--------+-----+--------+
         Total |   3435 |   3343 |     92 |    246 |   2353 |   6 |  572.5 |
       Dungeon |   3273 |   3200 |     73 |    246 |   2230 |   5 |  654.6 |
        Temple |    161 |    142 |     19 |      0 |    123 |   1 |  161.0 |
               +--------+--------+--------+--------+--------+-----+--------+

Top non-repeatable levels by time:
     D:1: 886 daAuts
     D:3: 785 daAuts
     D:4: 690 daAuts
     D:2: 682 daAuts
     D:5: 228 daAuts
  Temple: 161 daAuts
